 Dungeon Crawl Stone Soup version 0.28.0 (webtiles) character file.

Game seed: 6932023572507992954

83 RighteousDevil the Poker (level 4, -2/35 HPs)
             Began as a Formicid Fighter on Feb 7, 2022.
             Was a Believer of Wu Jian.
             Slain by an orc (6 damage)
             ... on level 3 of the Dungeon.
             The game lasted 00:02:07 (1833 turns).

RighteousDevil the Poker (Formicid Fighter)         Turns: 1833, Time: 00:02:09

Health: -2/35      AC:  9    Str: 20    XL:     4   Next: 71%
Magic:  4/4        EV:  7    Int:  8    God:    Wu Jian [**....]
Gold:   12         SH:  4    Dex: 12    Spells: 3/3 levels left

rFire   . . .      SeeInvis +   a - +0 trident
rCold   . . .      Faith    .   c - +0 buckler
rNeg    . . .      Spirit   .   m - +0 chain mail
rPois   .          Reflect  .   (helmet unavailable)
rElec   .          Harm     .   (no cloak)
rCorr   .          Rampage  .   (no gloves)
Will    .....                   (no boots)
Stlth   ..........              (no amulet)
HPRegen 0.11/turn               (no ring)
MPRegen 0.09/turn               (no ring)

@: no status effects
A: permanent stasis, dig shafts and tunnels, antennae 3, four strong arms
a: Dig, Shaft Self, Renounce Religion, Wall Jump


You were on level 3 of the Dungeon.
You worshipped Wu Jian.
Wu Jian was pleased with you.
You visited 1 branch of the dungeon, and saw 3 of its levels.

You collected 12 gold pieces.

Inventory:

Hand Weapons
 a - a +0 trident (weapon)
Armour
 b - a +0 scale mail
 c - a +0 buckler (worn)
 m - a +0 chain mail (worn)
Jewellery
 i - a ring of poison resistance
Scrolls
 g - 2 scrolls of enchant weapon {unknown}
 h - a scroll of acquirement {unknown}
 j - 2 scrolls of amnesia {unknown}
 k - a scroll of identify
 l - a scroll of fog {unknown}
Potions
 d - a potion of might
 e - a potion of curing {unknown}
 f - a potion of berserk rage {unknown}


   Skills:
 - Level 3.4 Fighting
 + Level 4.3 Polearms
 - Level 3.4 Armour
 - Level 3.7 Shields


You had 3 spell levels left.
You didn't know any spells.
Your spell library contained the following spells:

 Spells                   Type           Power      Damage    Failure   Level
 Sandblast                Erth           0%         2d4       99%         1
 Passwall                 Tmut/Erth      0%         N/A       100%        2
 Stone Arrow              Conj/Erth      0%         3d7       100%        3


Dungeon Overview and Level Annotations

Branches:
Dungeon (3/15)

Altars:
Elyvilon
Wu Jian
Beogh


Innate Abilities, Weirdness & Mutations

You cannot be hasted, slowed, berserked, paralysed or teleported.
You can dig through walls and to a lower floor.
You have a pair of large antennae on your head. (SInv)
Your four strong arms can wield two-handed weapons with a shield.


Message History

An orc comes into view. It is wielding a +0 trident.
The orc moves out of view.
Found 51 gold pieces and a scroll of identify.
Found a roughly hewn altar of Beogh.
Found 8 gold pieces.
The orc shouts!
You close the door.
An orc breaks down the door.
You barely miss the gnoll. You hit the gnoll but do no damage.
The orc hits you but does no damage. The gnoll hits you but does no damage.
The orc barely misses you. The gnoll hits you with a +0 whip.
You puncture the gnoll!
You kill the gnoll!
The Council accepts your kill.
The orc hits you from afar with a +0 trident.
The gnoll hits you but does no damage.
The orc priest mumbles some strange prayers to Beogh against you.
Beogh smites you! The gnoll hits you with a +0 whip.
You are too injured to fight recklessly!
You are too injured to fight recklessly!
Unknown command.
You are too injured to fight recklessly!
You are too injured to fight recklessly!
You barely miss the orc. The orc barely misses you. The orc closely misses you.
The gnoll hits you but does no damage. The orc closely misses you.
The orc hits you from afar with a +0 trident.
The orc hits you with a +0 short sword.
You hit the orc but do no damage. The gnoll closely misses you.
The gnoll hits you but does no damage. The orc barely misses you.
The orc hits you but does no damage.
The orc hits you from afar with a +0 trident!
* * * LOW HITPOINT WARNING * * *
You block the gnoll's attack.
You hit the orc.
The orc is severely wounded.
The orc hits you with a +0 hand axe.
* * * LOW HITPOINT WARNING * * *
The orc hits you but does no damage.
The orc hits you from afar with a +0 trident.
You die...

# ###################### #
#....................# #
#.#.###########.####.# #
#.#.# #.# #######.#.# #.#
.....##.#.### #####.###...
...#.##.###..$ ##.g...g....#
##.#.##..#.8.8.#og###.####.#
##.#.##..#_$$.oo@## #.#
##.#.#...#.8$8o### #.#
.........##$$o# #.#
##........#### #.#
####{##....# #.# .S.###..{#
.# ##..# #.### #.g. #.# #.##
#.#


You could see an orc priest, 2 gnolls and 4 orcs.

Vanquished Creatures
  A gnoll (D:3)
  An adder (D:2)
  A worm (D:3)
  4 dart slugs
  3 bats
  6 endoplasms
  2 giant cockroaches
  5 goblins
  5 hobgoblins
  4 jackals (D:2)
  A quokka (D:1)
  4 ball pythons
  A frilled lizard (D:1)
  6 kobolds
  5 rats (D:1)
49 creatures vanquished.

Vanquished Creatures (others)
  3 plants (D:1)
  3 withered plants (D:1)
6 creatures vanquished.

Grand Total: 55 creatures vanquished

Notes
Turn   | Place    | Note
-------+----------+-------------------------------------------
     0 | D:1      | RighteousDevil the Formicid Fighter began the quest for the
                  | Orb.
     0 | D:1      | Reached XP level 1. HP: 18/18 MP: 1/1
    33 | D:1      | Reached XP level 2. HP: 10/24 MP: 2/2
   325 | D:1      | Found a faded altar of an unknown god.
   367 | D:1      | Reached skill level 3 in Polearms
   367 | D:1      | Reached XP level 3. HP: 29/29 MP: 3/3
   371 | D:1      | Prayed at the altar of an unknown god.
   371 | D:1      | Became a worshipper of the Wu Jian Council
   371 | D:1      | Reached * piety under Wu Jian
   895 | D:2      | Found a white marble altar of Elyvilon.
  1225 | D:2      | Reached XP level 4. HP: 25/35 MP: 4/4
  1418 | D:2      | Reached ** piety under Wu Jian
  1460 | D:2      | Reached skill level 4 in Polearms
  1833 | D:3      | Slain by an orc

Illustrated notes

Levels and vault maps discovered:
D:1:      onia_arrival_mini_spirals, layout_basic,
          shapermc_ecumenical_altar_flowoftime
D:2:      layout_loops_ring, basic_altar, minmay_misc_feat_iff,
          item_on_display_a
D:3:      layout_loops_ring, kennysheep_orc_chapel

Skill      XL: |  1  2  3  4 |
---------------+-------------+-----
Polearms       | 3 4 |  4.3
Fighting       | |  3.4
Armour         | |  3.4
Shields        | |  3.7

Action                   |  1- 3 |  4- 6 || total
-------------------------+-------+-------++-------
Melee: Trident           |    93 |    51 ||   144
Invok: Whirlwind         |     1 |       ||     1
  Use: Scroll            |     1 |       ||     1
Armor: Scale mail        |    25 |    17 ||    42
       Chain mail        |       |    11 ||    11
Dodge: Dodged            |    28 |    22 ||    50
Block: Buckler           |    16 |     5 ||    21
